 Dungeon Crawl Stone Soup version 0.31-a0-214-gb37851dbb3 (webtiles) character file.

Game seed: 1994465218729652377

4552 qw the Cleaver (level 10, -6/64 HPs)
             Began as a Gargoyle Fighter on July 1, 2023.
             Was a Believer of Okawaru.
             Mangled by a catoblepas (12 damage)
             ... on level 2 of the Lair of Beasts.
             The game lasted 00:03:59 (7623 turns).

qw the Cleaver (Gargoyle Fighter)                   Turns: 7623, Time: 00:03:59

Health: -6/64      AC: 20    Str: 23    XL:     10   Next: 40%
Magic:  13/13      EV:  8    Int: 10    God:    Okawaru [**....]
Gold:   465        SH:  4    Dex:  9    Spells: 9/9 levels left

rFire   . . .        Y - +3 war axe
rCold   . . .        c - +0 buckler
rNeg    + . .        p - +0 chain mail
rPois   inf          h - +0 helmet
rElec   +            (no cloak)
rCorr   .            r - +0 pair of gloves
SInv    .            (no boots)
Will    .....        (no amulet) Stlth
                     (no ring)
HPRegen 0.30/turn    (no ring)
MPRegen 0.13/turn

%: no passive effects
@: no status effects
A: sickness immunity, AC +7, negative energy resistance 1, electricity
resistance, torment resistance 1, petrification resistance
a: Renounce Religion, Heroism


You were on level 2 of the Lair of Beasts.
You worshipped Okawaru.
Okawaru was pleased with you.
You visited 3 branches of the dungeon, and saw 11 of its levels.
You also visited: Ossuary.

You collected 465 gold pieces.


Innate Abilities, Weirdness & Mutations

You are immune to sickness and miasma.
Your stone body is resilient. (AC +7)
You are immune to poison.
You resist negative energy. (rN+)
You are resistant to electric shocks. (rElec)
You are resistant to unholy torment.
You are immune to petrification.


   Skills:
 - Level 8.0 Fighting
 + Level 10.0 Axes
 - Level 1.3 Throwing
 - Level 6.5 Armour
 - Level 1.0 Dodging
 - Level 5.0 Shields
 - Level 4.7 Invocations


You had 9 spell levels left.
You didn't know any spells.
Your spell library was empty.

Inventory:

Hand Weapons
 j - a +0 flail
 t - a +0 flail of draining
 Y - a +3 war axe (weapon)
Armour
 b - a +0 plate armour
 c - a +0 buckler (worn)
 h - a +0 helmet (worn)
 p - a +0 chain mail (worn)
 r - a +0 pair of gloves (worn)
Jewellery
 f - an amulet of guardian spirit
Scrolls
 g - 2 scrolls of identify
Potions
 a - a potion of enlightenment
 d - 2 potions of might
 e - 3 potions of lignification
 l - 2 potions of haste
 m - a potion of resistance
 n - 3 potions of mutation
 o - 2 potions of attraction
 q - 5 potions of curing

Dungeon Overview and Level Annotations

Branches:
Dungeon (8/15)             Temple (1/1) D:6            Lair (2/5) D:8
 Shoals (0/4) Lair:2      Ossuary (visited)
  Snake: Lair:2-3    Spider: Lair:2-3

Altars:
Ashenzari
Cheibriados
Dithmenos
Elyvilon
Fedhas
Gozag
Kikubaaqudgha
Makhleb
Nemelex Xobeh
Okawaru
Qazlal
Ru
Sif Muna
Trog
Uskayaw
Vehumet
Wu Jian
Xom
Yredelemnul
Zin
The Shining One

Annotations:
D:4 2 transporters
D:6 2 transporters, qw's ghost, novice DEHu
D:8 exclusion: 4 goblins


Message History

The orange demon is lightly wounded.
You slice the orange demon!!
The orange demon is heavily wounded.
The orange demon stings you but does no damage.
The orange demon hits you but does no damage.
You hit the orange demon but do no damage.
The orange demon is heavily wounded.
The orange demon stings you! The orange demon barely misses you.
7613 ||| READING scroll of teleportation.
As you read the scroll of teleportation, it crumbles to dust.
You feel strangely unstable. The orange demon closely misses you.
The orange demon hits you but does no damage.
You barely miss the orange demon.
The orange demon is heavily wounded.
The orange demon no longer looks unusually toxic.
The orange demon stings you but does no damage.
The orange demon hits you but does no damage.
You closely miss the orange demon.
The orange demon is heavily wounded.
The orange demon barely misses you. The orange demon hits you.
You slash the orange demon!
The orange demon is almost dead.
Your surroundings suddenly seem different.
A catoblepas comes into view.
Found 20 gold pieces.
The catoblepas bellows!
The catoblepas breathes a plume of calcifying dust at you.
The blast of calcifying dust hits you but does no damage.
You start resting.
A catoblepas is nearby!
The catoblepas gores you.
You barely miss the catoblepas.
The catoblepas breathes a plume of calcifying dust at you.
The blast of calcifying dust hits you but does no damage.
You slash the catoblepas!
The catoblepas is lightly wounded.
You feel like a meek peon again. The catoblepas gores you!
You die...

#...........#.##...
#.......... # #...
#......... #P..
#......... #P..
#......... #...
#.¤....... ##..
##.¤.......
#P.¤.......
#..@.......
#..Y.......
#..¤.......
#P.Y.......
..........$
............
.............
####P. #P##.P#


You could see a catoblepas.

Vanquished Creatures
  A two-headed ogre (D:8)
  Amaemon (Lair:2)
  A cane toad (Lair:1)
  A hornet (D:7)
  Sigmund (D:3)
  A wyvern (D:8)
  3 yaks
  Menkaure (D:5)
  A water moccasin (D:6)
  A black bear (D:6)
  An orc warrior (D:7)
  An ice beast (D:8)
  An ogre (D:7)
  A centaur (D:8)
  2 phantoms (D:6)
  A kobold brigand (D:8)
  2 bullfrogs
  3 scorpions (D:6)
  3 orc priests
  2 jellies (D:4)
  2 hounds (D:4)
  A gnoll bouda (D:8)
  Jessica (D:3)
  A sleepcap (D:6)
  Terence (D:3)
  2 iguanas
  9 orc wizards
  12 mummies (Ossuary)
  Robin (D:3)
  9 adders
  6 gnolls
  An ufetubus (D:5)
  29 orcs
  8 bats
  6 endoplasms
  3 giant cockroaches
  17 goblins
  18 hobgoblins
  7 jackals (D:2)
  12 kobolds
  7 quokkas
  3 ball pythons
  2 frilled lizards
  3 gnoll skeletons (Ossuary)
  A goblin skeleton (Ossuary)
  2 kobold skeletons (Ossuary)
  2 orc skeletons (Ossuary)
  6 rats
  11 rat skeletons (Ossuary)
212 creatures vanquished.

Notes
Turn   | Place    | Note
-------+----------+-------------------------------------------
     0 | D:1      | qw the Gargoyle Fighter began the quest for the Orb.
     0 | D:1      | Reached XP level 1. HP: 14/14 MP: 1/1
     0 | D:1      | 0 ||| qw: Version: 0.3-a-32-g5962c71
     0 | D:1      | 0 ||| qw: Game counter: 7603
     0 | D:1      | 0 ||| qw: Melee chars always use a shield: true
     0 | D:1      | 0 ||| qw: God list: Okawaru
     0 | D:1      | 0 ||| qw: Allow faded altars: false
     0 | D:1      | 0 ||| qw: Do Orc after clearing Dungeon:15 true
     0 | D:1      | 0 ||| qw: Do second Lair branch before Depths: true
     0 | D:1      | 0 ||| qw: Lair rune preference: random
     0 | D:1      | 0 ||| qw: Goals: Normal, Zot:1-4, Slime:5, God:TSO, Crypt,
                  | Tomb, Abyss, Pan, Hells, Win
     0 | D:1      | 0 ||| PLANNING D:1-11
   110 | D:1      | Reached skill level 2 in Axes
   159 | D:1      | 159 ||| Stepping ~*~*~tactically~*~*~ (stealth).
   167 | D:1      | Reached XP level 2. HP: 17/19 MP: 2/2
   177 | D:1      | 177 ||| Stepping ~*~*~tactically~*~*~ (stealth).
   178 | D:1      | 178 ||| DROPPING +0 club.
   180 | D:1      | 180 ||| Stepping ~*~*~tactically~*~*~ (stealth).
   181 | D:1      | 181 ||| Stepping ~*~*~tactically~*~*~ (stealth).
   182 | D:1      | 182 ||| Stepping ~*~*~tactically~*~*~ (stealth).
   184 | D:1      | 184 ||| Stepping ~*~*~tactically~*~*~ (stealth).
   186 | D:1      | 186 ||| Stepping ~*~*~tactically~*~*~ (stealth).
   393 | D:1      | Found a faded altar of an unknown god.
   608 | D:1      | Reached skill level 3 in Axes
   826 | D:1      | 826 ||| UPGRADING to +0 helmet.
   831 | D:1      | 831 ||| READING scroll labelled FIUGIVVEMOW.
   832 | D:1      | 832 ||| READING 2 scrolls labelled MIOZXI QAMO.
   833 | D:1      | 833 ||| READING scroll labelled YJAIVE ATYI.
   834 | D:1      | 834 ||| READING scroll labelled BIJOPA NOAMN.
   835 | D:1      | 835 ||| DRINKING 2 glowing yellow potions.
   836 | D:1      | 836 ||| DROPPING scroll of vulnerability.
   883 | D:2      | Reached XP level 3. HP: 23/23 MP: 3/3
   901 | D:2      | 901 ||| Stepping ~*~*~tactically~*~*~ (stealth).
   904 | D:2      | 904 ||| Stepping ~*~*~tactically~*~*~ (stealth).
   905 | D:2      | 905 ||| Stepping ~*~*~tactically~*~*~ (stealth).
   964 | D:2      | 964 ||| Stepping ~*~*~tactically~*~*~ (stealth).
  1075 | D:2      | 1075 ||| Stepping ~*~*~tactically~*~*~ (stealth).
  1137 | D:2      | 1137 ||| Stepping ~*~*~tactically~*~*~ (stealth).
  1141 | D:2      | Reached skill level 1 in Throwing
  1148 | D:2      | Reached XP level 4. HP: 22/28 MP: 4/4
  1173 | D:2      | 1173 ||| Stepping ~*~*~tactically~*~*~ (stealth).
  1227 | D:2      | 1227 ||| Stepping ~*~*~tactically~*~*~ (stealth).
  1374 | D:2      | 1374 ||| Stepping ~*~*~tactically~*~*~ (stealth).
  1386 | D:2      | 1386 ||| Stepping ~*~*~tactically~*~*~ (stealth).
  1398 | D:2      | 1398 ||| Stepping ~*~*~tactically~*~*~ (stealth).
  1678 | D:2      | 1678 ||| READING 2 scrolls labelled YLIBYX REREM.
  1683 | D:2      | 1683 ||| READING scroll labelled JOMEFU BUSOM.
  1840 | D:3      | Noticed Terence
  1842 | D:3      | 1842 ||| Stepping ~*~*~tactically~*~*~ (hiding).
  1843 | D:3      | 1843 ||| Stepping ~*~*~tactically~*~*~ (hiding).
  1844 | D:3      | 1844 ||| Stepping ~*~*~tactically~*~*~ (hiding).
  1848 | D:3      | Killed Terence
  1849 | D:3      | Reached skill level 4 in Axes
  1852 | D:3      | Reached XP level 5. HP: 27/32 MP: 5/5
  1872 | D:3      | 1872 ||| DROPPING +0 whip.
  1966 | D:3      | Noticed Robin
  1969 | D:3      | HP: 8/32 [hobgoblin[Robin] (1)]
  1970 | D:3      | 1970 ||| READING scroll of teleportation.
  1971 | D:3      | 1971 ||| DRINKING potion of heal wounds.
  2018 | D:3      | 2018 ||| Stepping ~*~*~tactically~*~*~ (stealth).
  2028 | D:3      | 2028 ||| Stepping ~*~*~tactically~*~*~ (stealth).
  2059 | D:3      | Noticed Jessica
  2060 | D:3      | 2060 ||| Stepping ~*~*~tactically~*~*~ (hiding).
  2070 | D:3      | Killed Jessica
  2091 | D:3      | 2091 ||| Stepping ~*~*~tactically~*~*~ (stealth).
  2092 | D:3      | 2092 ||| Stepping ~*~*~tactically~*~*~ (stealth).
  2093 | D:3      | 2093 ||| Stepping ~*~*~tactically~*~*~ (stealth).
  2325 | D:3      | 2325 ||| Stepping ~*~*~tactically~*~*~ (hiding).
  2335 | D:3      | Killed Robin
  2336 | D:3      | Reached skill level 5 in Axes
  2411 | D:3      | 2411 ||| Stepping ~*~*~tactically~*~*~ (stealth).
  2413 | D:3      | 2413 ||| Stepping ~*~*~tactically~*~*~ (hiding).
  2418 | D:3      | 2418 ||| Stepping ~*~*~tactically~*~*~ (hiding).
  2589 | D:3      | 2589 ||| READING scroll labelled TIKHUTW QAIPERCH.
  2590 | D:3      | 2590 ||| DRINKING 2 gluggy blue potions.
  2606 | D:3      | 2606 ||| READING 2 scrolls of identify.
  2606 | D:3      | 2606 ||| IDENTIFYING pink potion
  2607 | D:3      | 2607 ||| DROPPING potion of brilliance.
  2628 | D:4      | Noticed a centaur
  2629 | D:4      | 2629 ||| PLANNING OSSUARY
  2629 | D:4      | Found a transporter.
  2629 | D:4      | Noticed a two-headed ogre
  2630 | D:4      | Found a transporter.
  2631 | D:4      | Noticed a water moccasin
  2632 | D:4      | Noticed an orc warrior
  2637 | D:4      | Noticed an acid dragon
  2667 | D:4      | Found a sand-covered staircase.
  2676 | Ossuary  | Entered an ossuary
  2727 | Ossuary  | Reached XP level 6. HP: 38/38 MP: 6/6
  2862 | Ossuary  | Reached skill level 1 in Dodging
  3268 | Ossuary  | 3268 ||| READING scroll of enchant weapon.
  3268 | Ossuary  | 3268 ||| ENCHANTING +1 war axe.
  3303 | Ossuary  | 3303 ||| READING scroll labelled PEIFUE BUOSM.
  3304 | Ossuary  | 3304 ||| DRINKING 2 brown potions.
  3305 | Ossuary  | 3305 ||| DRINKING 2 sedimented brown potions.
  3306 | Ossuary  | 3306 ||| READING 4 scrolls of identify.
  3306 | Ossuary  | 3306 ||| IDENTIFYING cyan potion
  3307 | Ossuary  | 3307 ||| READING 3 scrolls of identify.
  3307 | Ossuary  | 3307 ||| IDENTIFYING fizzy purple potion
  3344 | D:4      | 3344 ||| PLANNING D:1-11
  3349 | D:4      | Noticed Sigmund
  3350 | D:4      | 3350 ||| Stepping ~*~*~tactically~*~*~ (stealth).
  3353 | D:4      | 3353 ||| Stepping ~*~*~tactically~*~*~ (hiding).
  3366 | D:4      | 3366 ||| FLEEEEING.
  3367 | D:4      | 3367 ||| FLEEEEING.
  3368 | D:4      | 3368 ||| FLEEEEING.
  3369 | D:4      | 3369 ||| FLEEEEING.
  3373 | D:4      | 3373 ||| FLEEEEING.
  3374 | D:4      | 3374 ||| FLEEEEING.
  3375 | D:4      | 3375 ||| FLEEEEING.
  3376 | D:4      | 3376 ||| FLEEEEING.
  3377 | D:4      | 3377 ||| FLEEEEING.
  3378 | D:4      | 3378 ||| FLEEEEING.
  3381 | D:4      | 3381 ||| FLEEEEING.
  3385 | D:4      | 3385 ||| STAIRDANCE
  3480 | D:4      | 3480 ||| DRINKING potion of curing.
  3480 | D:4      | 3480 ||| (to cure confusion)
  3484 | D:4      | 3484 ||| STAIRDANCE
  3486 | D:3      | Killed Sigmund
  3487 | D:3      | Reached skill level 6 in Axes
  3487 | D:3      | Reached XP level 7. HP: 37/43 MP: 7/7
  3557 | D:4      | 3557 ||| READING scroll of enchant weapon.
  3557 | D:4      | 3557 ||| ENCHANTING +2 war axe.
  3574 | D:4      | Found a shadowy altar of Dithmenos.
  3652 | D:4      | Found a bloodstained altar of Trog.
  3691 | D:4      | 3691 ||| Stepping ~*~*~tactically~*~*~ (stealth).
  3701 | D:4      | Found a snail-covered altar of Cheibriados.
  4057 | D:4      | 4057 ||| Stepping ~*~*~tactically~*~*~ (stealth).
  4130 | D:4      | 4130 ||| UPGRADING to amulet of guardian spirit.
  4165 | D:5      | Entered Level 5 of the Dungeon
  4351 | D:5      | Reached skill level 7 in Axes
  4437 | D:5      | Identified the +4 scale mail of Vehumet's Hatred {rElec
                  | rPois Int-4 Dex-3}
  4588 | D:5      | Noticed Menkaure
  4590 | D:5      | 4590 ||| Stepping ~*~*~tactically~*~*~ (hiding).
  4599 | D:5      | Killed Menkaure
  4600 | D:5      | Reached XP level 8. HP: 32/50 MP: 4/8
  4675 | D:5      | 4675 ||| Stepping ~*~*~tactically~*~*~ (stealth).
  4677 | D:5      | 4677 ||| Stepping ~*~*~tactically~*~*~ (hiding).
  4912 | D:5      | 4912 ||| DROPPING +2 robe of fire resistance.
  4913 | D:5      | 4913 ||| UPGRADING to +0 chain mail.
  4923 | D:5      | 4923 ||| DROPPING +0 scale mail.
  4924 | D:5      | 4924 ||| DROPPING +4 scale mail of Vehumet's Hatred {rElec
                  | rPois Int-4 Dex-3}.
  4925 | D:5      | 4925 ||| READING scroll labelled JAUG NIORIO.
  5026 | D:5      | 5026 ||| READING 4 scrolls of identify.
  5026 | D:5      | 5026 ||| IDENTIFYING grey potion
  5193 | D:6      | Reached skill level 8 in Axes
  5212 | D:6      | 5212 ||| Stepping ~*~*~tactically~*~*~ (stealth).
  5212 | D:6      | Noticed qw's ghost (novice DEHu)
  5249 | D:6      | 5249 ||| Stepping ~*~*~tactically~*~*~ (stealth).
  5257 | D:6      | Reached skill level 6 in Fighting
  5258 | D:6      | 5258 ||| Stepping ~*~*~tactically~*~*~ (stealth).
  5259 | D:6      | 5259 ||| Stepping ~*~*~tactically~*~*~ (stealth).
  5282 | D:6      | 5282 ||| Stepping ~*~*~tactically~*~*~ (stealth).
  5384 | D:6      | 5384 ||| Stepping ~*~*~tactically~*~*~ (stealth).
  5526 | D:6      | 5526 ||| READING 4 scrolls of identify.
  5526 | D:6      | 5526 ||| IDENTIFYING yellow potion
  5527 | D:6      | Found a staircase to the Ecumenical Temple.
  5528 | D:6      | 5528 ||| PLANNING TEMPLE
  5532 | D:6      | Reached XP level 9. HP: 55/55 MP: 9/9
  5546 | Temple   | Entered the Ecumenical Temple
  5589 | Temple   | 5589 ||| PLANNING OKAWARU WORSHIP
  5721 | Temple   | Became a worshipper of Warmaster Okawaru
  5722 | Temple   | 5722 ||| PLANNING D:1-11
  5722 | Temple   | 5722 ||| REMOVING amulet of guardian spirit.
  5866 | D:6      | Reached skill level 9 in Axes
  5980 | D:6      | Found a transporter.
  5982 | D:6      | Found a transporter.
  6025 | D:6      | 6025 ||| READING 4 scrolls of identify.
  6025 | D:6      | 6025 ||| IDENTIFYING glowing black potion
  6026 | D:6      | 6026 ||| DROPPING potion of degeneration.
  6096 | D:7      | 6096 ||| Stepping ~*~*~tactically~*~*~ (hiding).
  6103 | D:7      | 6103 ||| Stepping ~*~*~tactically~*~*~ (hiding).
  6104 | D:7      | 6104 ||| Stepping ~*~*~tactically~*~*~ (hiding).
  6189 | D:7      | Noticed a hornet
  6207 | D:7      | Killed a hornet
  6510 | D:7      | 6510 ||| READING 2 scrolls labelled METOTIU KERUU.
  6511 | D:7      | 6511 ||| READING scroll labelled WIWIFA REPLUE.
  6512 | D:7      | 6512 ||| READING scroll labelled NUQOZI DYLAT.
  6513 | D:7      | 6513 ||| DROPPING scroll of blinking.
  6563 | D:8      | Found a flagged portal.
  6607 | D:8      | Found a staircase to the Lair.
  6642 | D:8      | Found a sparkling altar of Nemelex Xobeh.
  6710 | D:8      | Reached * piety under Okawaru
  6746 | D:8      | 6746 ||| INVOKING Heroism.
  6850 | D:8      | 6850 ||| Stepping ~*~*~tactically~*~*~ (stealth).
  6894 | D:8      | 6894 ||| INVOKING Heroism.
  7000 | D:8      | Found an ornate altar of the Wu Jian Council.
  7005 | D:8      | Found a broken altar of Ashenzari.
  7012 | D:8      | Found a white marble altar of Elyvilon.
  7012 | D:8      | Found an ancient bone altar of Kikubaaqudgha.
  7013 | D:8      | 7013 ||| Stepping ~*~*~tactically~*~*~ (hiding).
  7014 | D:8      | 7014 ||| Stepping ~*~*~tactically~*~*~ (hiding).
  7022 | D:8      | Noticed a two-headed ogre
  7023 | D:8      | Reached skill level 10 in Axes
  7023 | D:8      | Reached skill level 1 in Invocations
  7023 | D:8      | 7023 ||| INVOKING Heroism.
  7035 | D:8      | Killed a two-headed ogre
  7036 | D:8      | Reached skill level 6 in Armour
  7040 | D:8      | 7040 ||| INVOKING Heroism.
  7044 | D:8      | Reached XP level 10. HP: 34/63 MP: 6/11
  7147 | D:8      | Found a shimmering blue altar of Sif Muna.
  7237 | D:8      | 7237 ||| PLANNING LAIR
  7237 | D:8      | 7237 ||| UPGRADING to +0 pair of gloves.
  7242 | D:8      | 7242 ||| READING scroll labelled EWAOCSAUZO.
  7243 | D:8      | 7243 ||| READING scroll labelled SUEXOLENUNG.
  7244 | D:8      | 7244 ||| READING 3 scrolls of identify.
  7244 | D:8      | 7244 ||| IDENTIFYING bubbling coppery potion
  7245 | D:8      | 7245 ||| DROPPING potion of invisibility.
  7254 | Lair:1   | Entered Level 1 of the Lair of Beasts
  7254 | Lair:1   | Noticed a cane toad
  7254 | Lair:1   | Noticed a black mamba
  7255 | Lair:1   | 7255 ||| INVOKING Heroism.
  7258 | Lair:1   | Killed a cane toad
  7263 | Lair:1   | Reached skill level 3 in Invocations
  7264 | Lair:1   | 7264 ||| STAIRDANCE
  7264 | Lair:1   | HP: 7/64 [black mamba (10)]
  7266 | D:8      | 7266 ||| READING 3 scrolls of teleportation.
  7267 | D:8      | 7267 ||| DRINKING 2 potions of heal wounds.
  7272 | D:8      | 7272 ||| FLEEEEING.
  7273 | D:8      | 7273 ||| FLEEEEING.
  7274 | D:8      | 7274 ||| FLEEEEING.
  7275 | D:8      | 7275 ||| FLEEEEING.
  7276 | D:8      | 7276 ||| FLEEEEING.
  7277 | D:8      | 7277 ||| INVOKING Heroism.
  7280 | D:8      | HP: 13/64 [yak (8)]
  7281 | D:8      | 7281 ||| READING 2 scrolls of teleportation.
  7281 | D:8      | HP: 6/64 [black mamba (7)]
  7282 | D:8      | 7282 ||| DRINKING potion of heal wounds.
  7443 | D:8      | 7443 ||| Stepping ~*~*~tactically~*~*~ (stealth).
  7444 | D:8      | 7444 ||| Stepping ~*~*~tactically~*~*~ (stealth).
  7566 | Lair:1   | You fall into a shaft and drop 1 floor!
  7573 | Lair:2   | Found a staircase to the Shoals.
  7589 | Lair:2   | Noticed Amaemon
  7590 | Lair:2   | 7590 ||| INVOKING Heroism.
  7591 | Lair:2   | Noticed an orange demon
  7608 | Lair:2   | Killed Amaemon
  7608 | Lair:2   | Reached ** piety under Okawaru
  7612 | Lair:2   | HP: 11/64 [orange demon[Amaemon] (9)]
  7613 | Lair:2   | 7613 ||| READING scroll of teleportation.
  7616 | Lair:2   | Noticed a catoblepas
  7621 | Lair:2   | HP: 5/64 [catoblepas (4)]
  7623 | Lair:2   | Mangled by a catoblepas

Levels and vault maps discovered:
D:1:      dpeg_arrival_water_temple_mockup, layout_basic, basic_ecumenical_altar
D:2:      layout_loops_cross, corexii_item_surrounded_by_moat,
          dreamdust_mushroom_princess
D:3:      layout_loops_ring, nrook_mini_backslash, uniq_robin, uniq_terence,
          uniq_jessica
D:4:      layout_loops_cross, gammafunk_temple_overflow_arena,
          lemuel_coloured_pillars_altar, lightli_ossuary_entry_decrepit_ruins,
          uniq_sigmund
D:5:      layout_loops_cross, uniq_menkaure
D:6:      layout_rooms, minmay_temple_entry_statues, gammafunk_ghost_hive
D:7:      layout_rooms, glass_columns_b
D:8:      layout_rooms, nicolae_overflow_hallway_of_the_gods,
          mainiacjoe_overflow_alcove_1, lair_entry_dummy, enter_bailey_5
Temple:   nicolae_temple_bog_church
Lair:1:   layout_chaotic_city, serial_bayou_shore_a
Lair:2:   layout_long_grid, shoals_dummy_entry,
          nicolae_snake_entry_warm_welcome, gammafunk_ghost_hydra_chop,
          uniq_gastronok, uniq_amaemon

Skill      XL: |  1  2  3  4  5  6  7  8  9 10 |
---------------+-------------------------------+-----
Axes           | 2 3 4 5 6 7 8 10 | 10.0
Throwing       | 1 |  1.3
Fighting       | 4 5 6 7 8 |  8.0
Dodging        | 1 |  1.0
Armour         | 4 6 |  6.5
Shields        | 4 5 |  5.0
Invocations    | 1 4 |  4.7

Action                     |  1- 3 |  4- 6 |  7- 9 | 10-12 || total
---------------------------+-------+-------+-------+-------++-------
  Melee: War axe           |    78 |   183 |   256 |    46 ||   563
  Throw: Javelin           |    14 |    32 |       |       ||    46
 Invoke: Heroism           |       |       |     4 |     3 ||     7
    Use: Scroll            |     4 |     9 |     8 |     6 ||    27
         Potion            |     1 |     5 |       |     2 ||     8
 Armour: Scale mail        |    38 |    49 |    29 |       ||   116
         Chain mail        |       |       |   108 |    43 ||   151
  Dodge: Dodged            |    32 |    55 |    75 |    37 ||   199
  Block: Buckler           |     9 |    22 |    36 |    21 ||    88

Table legend:
 A = Non-vault XP
 B = Vault XP
 C = Vault XP percentage of total XP
 D = Non-vault monster count
 E = Vault monster count
 F = Vault count percentage of total count
                 A         B        C        D         E       F
            +---------+---------+-------+---------+---------+-------
      Total |    4985 |    1519 |  23.4 |     161 |      51 |  24.1
            +---------+---------+-------+---------+---------+-------
        D:1 |      30 |       0 |   0.0 |      16 |       0 |   0.0
        D:2 |      81 |       0 |   0.0 |      33 |       0 |   0.0
        D:3 |      73 |     321 |  81.5 |      24 |      14 |  36.8
        D:4 |     189 |       0 |   0.0 |      12 |       0 |   0.0
        D:5 |     264 |     172 |  39.4 |      11 |       1 |   8.3
        D:6 |    1043 |       0 |   0.0 |      32 |       0 |   0.0
        D:7 |     689 |       0 |   0.0 |      14 |       0 |   0.0
        D:8 |    1944 |       8 |   0.4 |      16 |       4 |  20.0
     Lair:1 |     672 |       0 |   0.0 |       3 |       0 |   0.0
     Lair:2 |       0 |     777 | 100.0 |       0 |       1 | 100.0
    Ossuary |       0 |     241 | 100.0 |       0 |      31 | 100.0
            +---------+---------+-------+---------+---------+-------
